 Dungeon Crawl Stone Soup version 0.29.1-12-g30fa7ad0bf (webtiles) character file.

Game seed: 8040930506664099829

102 Lutefisk the Gusty (level 4, -1/28 HPs)
             Began as a Tengu Air Elementalist on Jan 8, 2023.
             Slain by Pikel
             ... wielding a +2 whip of flaming
              (11 damage)
             ... on level 5 of the Dungeon.
             The game lasted 00:12:58 (1674 turns).

Lutefisk the Gusty (Tengu Air Elementalist)         Turns: 1674, Time: 00:12:58

Health: -1/28      AC:  2    Str:  9    XL:     4   Next: 77%
Magic:  6/8        EV: 12    Int: 17    God:
Gold:   236        SH:  0    Dex: 14    Spells: 1/7 levels left

rFire   . . .      SeeInvis .   w - +0 quarterstaff
rCold   . . .      Faith    .   (shield currently unavailable)
rNeg    . . .      Spirit   .   a - +0 robe
rPois   .          Reflect  .   (helmet restricted)
rElec   .          Harm     .   (no cloak)
rCorr   +          Rampage  .   (no gloves)
Will    .....                   (boots unavailable)
Stlth   ++........              (no amulet)
HPRegen 0.09/turn               f - ring of resist corrosion
MPRegen 0.11/turn               (no ring)

@: sluggish, very slow
A: beak, talons 3
a: no special abilities


You were on level 5 of the Dungeon.
You visited 1 branch of the dungeon, and saw 5 of its levels.

You collected 236 gold pieces.

Inventory:

Hand Weapons
 w - a +0 quarterstaff (weapon)
Missiles
 m - 9 poisoned darts
 u - 4 curare-tipped darts (quivered)
Armour
 a - a +0 robe (worn)
 x - a +0 buckler
Jewellery
 f - a ring of resist corrosion (left hand)
Scrolls
 c - 2 scrolls of immolation {unknown}
 d - 4 scrolls of identify {unknown}
 h - a scroll of noise {unknown}
 i - 2 scrolls of teleportation {unknown}
 j - a scroll of enchant armour {unknown}
 o - a scroll of poison {unknown}
 p - a scroll of brand weapon {unknown}
 q - a scroll of amnesia {unknown}
 r - a scroll of blinking {unknown}
 s - a scroll of fear {unknown}
 t - a scroll of vulnerability {unknown}
Potions
 b - a potion of magic
 e - 2 potions of mutation {unknown}
 g - a potion of berserk rage {unknown}
 k - a potion of lignification {unknown}
 l - 2 potions of brilliance {unknown}
 n - a potion of ambrosia {unknown}
 v - a potion of haste


   Skills:
 - Level 3.0 Fighting
 - Level 1.0 Armour
 - Level 2.1 Dodging
 - Level 2.0 Stealth
 - Level 2.0 Spellcasting
 * Level 2.5 Conjurations
 * Level 4.8 Air Magic


You had one spell level left.
You knew the following spells:

 Your Spells              Type           Power      Damage    Failure   Level
a - Shock                 Conj/Air       56%        1d6       4%          1
b - Static Discharge      Conj/Air       14%        3-5/arc   6%          2
c - Swiftness             Air            18%        N/A       8%          3

Your spell library contained the following spells:

 Spells                   Type           Power      Damage    Failure   Level
 Sandblast                Erth           2%         2d4       19%         1
 Airstrike                Air            9%         2d(2-18)  26%         4
 Passwall                 Tmut/Erth      0%         N/A       28%         2
 Stone Arrow              Conj/Erth      12%        3d7       34%         3
 Cause Fear               Hex            0%         N/A       88%         4
 Dragon Form              Tmut           0%         N/A       100%        7
 Dragon's Call            Summ           0%         N/A       100%        9


Dungeon Overview and Level Annotations

Branches:
Dungeon (5/15)
 Temple: D:4-7

Altars:
Dithmenos
Vehumet

Shops:
D:5 *

Annotations:
D:3 exclusion: statue
D:5 Pikel


Innate Abilities, Weirdness & Mutations

You have a beak for a mouth.
You have claws for feet.


Message History

a +0 morningstar; a +0 leather armour; an orc corpse
Okay, then.
Pikel and a lemure come into view.
Pikel is wielding a +2 whip of flaming.
The lemure shouts!
You hear a shout!
A lemure comes into view.
Pikel drinks a potion.
Pikel seems to speed up.
You hear a shout!
A lemure comes into view.
Found a sapphire potion.
Pikel says, "You'll make a fine lemure."
Casting: Shock (safe; 4% risk of failure)
Confirm with . or Enter, or press ? or * to list all spells.
The spell is quite dangerous to miscast (8% risk of failure)!
Continue anyway? [Y]es or [N]o only, please.
The spell is quite dangerous to miscast (8% risk of failure)!
Continue anyway?
You feel quick.
A lemure comes into view.
The lemure closely misses you.
Found a dented cabochon amulet.
You start to feel a little slower.
Things that are here:
a +0 club; a +0 ring mail You feel sluggish.
Throw: 6 darts (curare)
Press: ? - help, Q - select action, (/) - cycle Shift-Dir - straight line, f - Pikel
Aim: Pikel, wielding a +2 whip of flaming and wearing a +0 robe (fast, 51% to hit)
You throw a curare-tipped dart.
The curare-tipped dart closely misses Pikel.
Throw: 5 darts (curare)
Press: ? - help, Q - select action, (/) - cycle Shift-Dir - straight line, f/p - Pikel
Aim: Pikel, wielding a +2 whip of flaming and wearing a +0 robe (fast, 51% to hit)
You throw a curare-tipped dart. The curare-tipped dart hits Pikel.
Pikel is poisoned.
Pikel convulses.
Pikel seems to slow down.
Pikel is moderately wounded.
Casting: Swiftness (quite dangerous; 8% risk of failure)
Confirm with . or Enter, or press ? or * to list all spells.
Okay, then.
Pikel hits you with a +2 whip of flaming!
You die...

####.#.##.# ####.......#.#
.).#.#.....#.# ##.#.###.#.#.#
#.#.# #.#.#.# #.#.# #.#.#.#
#.#.###.#.#.#
#.#.......#.######### #####
#.........#.#.K@....# #...
#########.#.#.#####.###.#####
..........#(#>........#... ##
###.......#.#.#######.#.#
#....#.###...(.# #...##.#
#.##.#.# #K#.### #..<...#
#.##.#.# #.#.# #.#..###
#.##.#.###.#.# #......
#.##.#....K#.# ..#..###


You could see Pikel (fast, very poisoned, slow).

Vanquished Creatures
  Natasha (D:4)
  An adder (D:2)
  2 dart slugs (D:1)
  2 orcs (D:5)
  5 ball pythons (D:1)
  4 endoplasms
  6 giant cockroaches
  4 goblins
  7 hobgoblins
  4 jackals (D:2)
  3 kobolds
  2 quokkas (D:1)
  3 bats
  8 frilled lizards
  4 rats (D:1)
56 creatures vanquished.

Vanquished Creatures (others)
  6 plants (D:1)
6 creatures vanquished.

Grand Total: 62 creatures vanquished

Notes
Turn   | Place    | Note
-------+----------+-------------------------------------------
     0 | D:1      | Lutefisk the Tengu Air Elementalist began the quest for the
                  | Orb.
     0 | D:1      | Reached XP level 1. HP: 10/10 MP: 4/4
   146 | D:1      | Reached skill level 1 in Fighting
   192 | D:1      | Reached XP level 2. HP: 7/16 MP: 0/6
   258 | D:1      | Found a faded altar of an unknown god.
   479 | D:1      | Reached XP level 3. HP: 9/22 MP: 1/7
   647 | D:1      | Learned a level 2 spell: Static Discharge
   786 | D:2      | Reached XP level 4. HP: 24/28 MP: 1/8
  1061 | D:3      | Found a radiant altar of Vehumet.
  1061 | D:3      | Noticed a frost-covered statue
  1329 | D:4      | Found a shadowy altar of Dithmenos.
  1457 | D:4      | Noticed Natasha
  1470 | D:4      | Killed Natasha
  1471 | D:4      | Reached skill level 1 in Armour
  1484 | D:4      | Identified the +1 mace of Jurreva {flame, Contam rElec
                  | rPois rC-}
  1509 | D:4      | Learned a level 3 spell: Swiftness
  1551 | D:5      | Entered Level 5 of the Dungeon
  1566 | D:5      | Found Weipt's General Store.
  1571 | D:5      | Noticed a scorpion
  1654 | D:5      | Noticed Pikel
  1654 | D:5      | Noticed a lemure
  1654 | D:5      | Noticed a lemure
  1655 | D:5      | Noticed a lemure
  1656 | D:5      | Noticed a lemure
  1674 | D:5      | Slain by Pikel

Illustrated notes

Levels and vault maps discovered:
D:1:      evilmike_arrival_crescent, layout_loops_cross,
          shapermc_ecumenical_altar_starsandcircs, serial_park_tiny_pond,
          solitary_fountain, chequers_serial_rivers_large_a, chequers_big_river,
          minmay_lizard_pond
D:2:      layout_rooms, uniq_crazy_yiuf_cottage
D:3:      layout_basic, vehumet_statue, lemuel_blue_sif_altar,
          chequers_serial_rivers_micro_c, minivault_4,
          chequers_serial_rivers_marsh, grunt_decor_clamped,
          minmay_randomly_rotated_circles
D:4:      layout_basic, marbit_many_paths, uniq_natasha
D:5:      layout_basic, xom_butterflies, serial_shops, shop, uniq_edmund,
          uniq_pikel, uniq_duvessa

Skill      XL: |  1  2  3  4 |
---------------+-------------+-----
Fighting       | 1 2 3 |  3.0
Conjurations   | 2 |  2.5
Armour         | 1 |  1.0
Dodging        | |  2.1
Stealth        | |  2.0
Spellcasting   | |  2.0
Air Magic      | |  4.8

Action                   |  1- 3 |  4- 6 || total
-------------------------+-------+-------++-------
Melee: Unarmed           |     6 |       ||     6
       Kick              |     5 |     5 ||    10
       Spear             |    23 |    14 ||    37
       Dagger            |     4 |       ||     4
       Peck              |     2 |     2 ||     4
       Quarterstaff      |       |     7 ||     7
       Punch             |       |     1 ||     1
Throw: Dart              |       |     2 ||     2
 Cast: Shock             |    55 |    19 ||    74
       Static Discharge  |       |     2 ||     2
       Swiftness         |       |     1 ||     1
Armor: Robe              |     4 |     5 ||     9
Dodge: Dodged            |    32 |    19 ||    51
